 Dungeon Crawl Stone Soup version 0.18-a0-1745-gffa9a88 (webtiles) character file.

28 Geeful the Chiller (level 3, -2/21 HPs)
             Began as an Octopode Ice Elementalist on Apr 11, 2016.
             Slain by Sigmund
             ... wielding a +1 scythe of slicing
              (3 damage)
             ... on level 2 of the Dungeon.
             The game lasted 00:04:22 (1268 turns).

Geeful the Chiller (Octopode Ice Elementalist)      Turns: 1268, Time: 00:04:22

Health: -2/21      AC:  3    Str:  7    XL:     3   Next: 12%
Magic:  6/6        EV:  7    Int: 18    God:
Gold:   98         SH:  0    Dex: 12    Spells: 2 memorised, 2 levels left

rFire  + . .     SeeInvis .     k - +0 spear
rCold  + . .     Gourm    .     (no shield)
rNeg   . . .     Faith    .     m - +2 hat
rPois  +         Spirit   .     (no amulet)
rElec  +         Dismiss  .     (no ring)
rCorr  +         Reflect  .     (no ring)
SustAt .         Harm     .     (no ring)
MR     .....                    (no ring)
Stlth  +++.......               (no ring)
                                (no ring)
                                (no ring)
                                (no ring)

@: resistant, not resistant to hostile enchantments, fairly stealthy
A: almost no armour, amphibious, 8 rings, constrict 8, camouflage 1, gelatinous
body 1
a: no special abilities


You were on level 2 of the Dungeon.
You were not hungry.

You visited 1 branch of the dungeon, and saw 2 of its levels.

You collected 98 gold pieces.

Inventory:

Hand Weapons
 k - a +0 spear (weapon)
Missiles
 n - 13 poisoned needles
Armour
 m - a +2 hat (worn)
Scrolls
 c - a scroll of magic mapping
 f - a scroll of amnesia {unknown}
 g - 3 scrolls of fear {unknown}
Potions
 i - a potion of berserk rage
Books
 a - a book of Frost

   Spells                             Type                      Level
   a - Freeze                         Ice                          1
   b - Throw Frost                    Conjuration/Ice              2
   c - Ozocubu's Armour               Charms/Ice                   3
   d - Throw Icicle                   Conjuration/Ice              4
   e - Summon Ice Beast               Ice/Summoning                4
Comestibles
 b - 2 bread rations
 d - a beef jerky
 l - a slice of pizza
 o - 4 fruits


   Skills:
 + Level 2.5 Dodging
 - Level 2.6 Stealth
 + Level 2.4 Spellcasting
   Level 1.0 Conjurations
 * Level 3.4 Ice Magic


You had 2 spell levels left.
You knew the following spells:

 Your Spells              Type           Power        Failure   Level  Hunger
a - Freeze                Ice            ##..         4%          1    #......
b - Ozocubu's Armour      Chrm/Ice       #.......     30%         3    ###....


Dungeon Overview and Level Annotations

Branches:
Dungeon (2/15)

Altars:
Ashenzari
Yredelemnul

Annotations:
D:1 exclusion: downstairs
D:2 exclusion: gnoll, Sigmund


Innate Abilities, Weirdness & Mutations

You cannot wear most types of armour.
You are amphibious.
You can wear up to eight rings at the same time.
You can use your tentacles to constrict eight enemies at once.
Your skin changes colour to match your surroundings (Stealth).
Your rubbery body absorbs attacks (AC +1).


Message History

Sigmund flickers and vanishes!
You see here a whip.
Something hits you.
You hear some strange, mumbled words.
You are confused.
The kobold shouts!
You bump into the rock wall.
Drink which item? (? for menu, Esc to quit)
It was a potion of resistance.
You feel protected. Something hits you. The kobold hits you.
You bump into the rock wall.
You feel less confused. The kobold completely misses you. Something hits you!
* * * LOW HITPOINT WARNING * * *
x2
There is a stone staircase leading up here.
Something hits you.
You die...

...#...........#
.............#
.............#
......#+#....#
...... #....#
#...##+#....#
#.#.........#
#.........#####.#
#+#.$........@....#
.........#####K#####
.........###...##
........#.......#
.....#.........?#
r..#.+....).....#
...###..........#
####.S.....#
....'#+####


You could see an adder (wandering) and a kobold.

Vanquished Creatures
  A dart slug (D:1)
  3 giant cockroaches
  3 hobgoblins
  5 bats (D:1)
  2 giant newts (D:1)
  2 goblins (D:1)
  2 kobolds
  9 rats (D:1)
27 creatures vanquished.

Notes
Turn   | Place    | Note
--------------------------------------------------------------
     0 | D:1      | Geeful the Octopode Ice Elementalist began the quest for the Orb.
     0 | D:1      | Reached XP level 1. HP: 11/11 MP: 3/3
   549 | D:1      | Reached XP level 2. HP: 17/17 MP: 1/5
  1086 | D:2      | Reached XP level 3. HP: 21/21 MP: 6/6
  1090 | D:2      | Noticed Sigmund
  1091 | D:2      | Found a basalt altar of Yredelemnul.
  1091 | D:2      | Found a shattered altar of Ashenzari.
  1157 | D:1      | Learned a level 3 spell: Ozocubu's Armour
  1266 | D:2      | HP: 1/21 [something (3)]
  1268 | D:2      | Slain by Sigmund

Vault maps used:
D:1:      dpeg_arrival_ratfight
D:2:      grunt_temple_overflow_open, uniq_sigmund

Action                   || total
-------------------------++-------
Melee: Unarmed           ||    26
       Spear             ||    40
 Cast: Freeze            ||     2
  Use: Scroll            ||     5
       Potion            ||     1
 Stab: Sleeping          ||     9
  Eat: Chunk             ||     1
